 Dungeon Crawl Stone Soup version 0.19-a0-1008-g4c63d25 (webtiles) character file.

21 epen the Insei (level 2, 0/21 HPs)
             Began as a Merfolk Transmuter on July 23, 2016.
             Slain by a giant newt (3 damage)
             ... on level 1 of the Dungeon.
             The game lasted 00:01:09 (774 turns).

epen the Insei (Merfolk Transmuter)                  Turns: 774, Time: 00:01:10

Health: 0/21       AC:  2    Str: 10    XL:     2   Next: 87%
Magic:  1/5        EV: 13    Int: 12    God:
Gold:   17         SH:  0    Dex: 14    Spells: 2 memorised, 2 levels left

rFire  . . .     SeeInvis .       - Unarmed
rCold  . . .     Gourm    .     b - +0 robe
rNeg   . . .     Faith    .     (no shield)
rPois  .         Spirit   .     (no helmet)
rElec  .         Dismiss  .     (no cloak)
rCorr  .         Reflect  .     (no gloves)
SustAt .         Harm     .     (no boots)
MR     .....                    (no amulet)
Stlth  +.........               (no ring)
                                (no ring)

@: appendage, not resistant to hostile enchantments, very unstealthy
A: change form in water, swift swim, horns 2
a: End Transformation


You were on level 1 of the Dungeon.
You were not hungry.
You had grown temporary horns.
You visited 1 branch of the dungeon, and saw 1 of its levels.

You collected 17 gold pieces.

Inventory:

Missiles
 a - 22 arrows
Armour
 b - a +0 robe (worn)
Jewellery
 e - an uncursed amulet of regeneration {unknown}
Books
 c - a book of Changes

   Spells                             Type                      Level
   a - Beastly Appendage              Transmutation                1
   b - Sticks to Snakes               Transmutation                2
   c - Spider Form                    Transmutation/Poison         3
   d - Ice Form                       Ice/Transmutation            4
   e - Blade Hands                    Transmutation                5
Comestibles
 d - a bread ration
 f - 3 fruits


   Skills:
 + Level 1.3 Fighting
 + Level 3.0 Dodging
 + Level 3.4 Unarmed Combat
 * Level 2.3 Spellcasting
 * Level 3.3 Transmutations


You had 2 spell levels left.
You knew the following spells:

 Your Spells              Type           Power        Failure   Level  Hunger
a - Beastly Appendage     Tmut           #.....       10%         1    ##.....
b - Sticks to Snakes      Tmut           #.......     12%         2    ###....


Dungeon Overview and Level Annotations

Branches:
Dungeon (1/15)

Altars:


Innate Abilities, Weirdness & Mutations

You revert to your normal form in water.
You are very nimble and swift while swimming.
You have a pair of horns on your head.


Message History

You hit the giant gecko.
You kill the giant gecko!
Your Dodging skill increases to level 3!
You closely miss the giant newt. The giant newt bites you.
* * * LOW HITPOINT WARNING * * *
Unknown command.
You hit the giant newt but do no damage.
The giant newt bites you.
* * * LOW HITPOINT WARNING * * *
You miss the giant newt. The giant newt completely misses you.
You closely miss the giant newt. The giant newt bites you.
* * * LOW HITPOINT WARNING * * *
You barely miss the giant newt. Your headbutt misses the giant newt.
You aren't carrying any potions.
As you read the scroll labeled KOASIN DERASY, it crumbles to dust.
It is a scroll of enchant weapon.
You aren't carrying any weapons that can be enchanted.
The giant newt closely misses you.
You completely miss the giant newt. The giant newt bites you.
You die...

#.##.##l#(##.....##(##
#.......#.(....#..##.##
#......>#.......g..##..
###...###.....g.....###
##l## ##...l...##....
#l# #.#...####..#. #.#
#.....# ##.##
#.######..... #.##
#gl@..# .....# #...
#.###.# ##.. #.# #.#
#.# #.###.# #.# #.....#
#######.# ###.###
#.......# #.#
#####.####..# #.#
#.......##..#
#.####(###.#.##..#


You could see a goblin and a giant newt.

Vanquished Creatures
  2 dart slugs (D:1)
  2 giant geckos (D:1)
  2 bats (D:1)
  A giant cockroach (D:1)
  3 hobgoblins (D:1)
  2 kobolds (D:1)
  A giant newt (D:1)
13 creatures vanquished.

Notes
Turn   | Place    | Note
-------+----------+-------------------------------------------
     0 | D:1      | epen the Merfolk Transmuter began the quest for the Orb.
     0 | D:1      | Reached XP level 1. HP: 15/15 MP: 3/3
   223 | D:1      | Reached XP level 2. HP: 7/21 MP: 3/5
   468 | D:1      | Learned a level 2 spell: Sticks to Snakes
   774 | D:1      | Slain by a giant newt

Vault maps used:
D:1:      evilmike_arrival_rings, minmay_misc_feat_rugged

Skill      XL: |  1  2 |
---------------+-------+-----
Transmutations | 3 |  3.3
Dodging        | 3 |  3.0
Fighting       | |  1.3
Unarmed Combat | |  3.4
Spellcasting   | |  2.3

Action                   || total
-------------------------++-------
Melee: Unarmed           ||    57
       Headbutt          ||     2
 Cast: Beastly Appendage ||     2
       Sticks to Snakes  ||     2
  Use: Scroll            ||     1
 Stab: Sleeping          ||     1
Armor: Robe              ||     9
Dodge: Dodged            ||    39
